[Event "*** Titled Tuesday Blitz"]
[Site "Chess.com"]
[Date "2018.11.06"]
[Round "10"]
[White "Muisback26"]
[Black "Jospem"]
[Result "1-0"]
[WhiteElo "2820"]
[BlackElo "2810"]
[TimeControl "180+2"]
[EndTime "15:21:09 PST"]
[Termination "Muisback26 won by checkmate"]

1. e4 c5 2. Nf3 d6 3. Nc3 Nf6 4. e5 dxe5 5. Nxe5 a6 6. g3 Nbd7 7. Nc4 b5 8. Bg2 Rb8 9. Ne3 Bb7 10. Bxb7 Rxb7 11. a4 e6 12. Qf3 Qc8 13. axb5 axb5 14. Ra6 Be7 15. O-O O-O 16. d3 Rb8 17. Ra7 Ne5 18.
Qg2 Nc6 19. Ra2 Nd4 20. Ne4 Nxe4 21. Qxe4 Qd7 22. c3 Nb3 23. Nc2 Nxc1 24. Rxc1 Rfd8 25. d4 b4 26. cxb4 cxd4 27. Rd1 d3 28. Ne1 Rxb4 29. Qxd3 Qc8 30. Qe2 Re8 31. Nd3 Rb6 32. Ne5 Rd6 33.
Ra7 Qb8 34. Rxd6 Bxd6 35. Nc6 Qb6 36. Qf3 Rf8 37. Rd7 Bc5 38. Rd2 h6 39. b4 Rc8 40.
bxc5 Qxc6 41. Rd8+ Kh7 42. Qd3+ f5 43. Rxc8 Qxc8 44. Qd6 Kg6 45. c6 Qa8 46. Qxe6+ Kg5 47. h4+ Kh5 48. Qxf5+ g5 49. Qf7+ Kg4 50. Qe6+ Kh5 51.
Kg2 gxh4 52. Qf5# 1-0

[Event "*** Titled Tuesday Blitz"]
[Site "Chess.com"]
[Date "2018.11.06"]
[Round "10"]
[White "SaraciNderim"]
[Black "PrascaR"]
[Result "1-0"]
[WhiteElo "2654"]
[BlackElo "2529"]
[TimeControl "180+2"]
[EndTime "15:21:24 PST"]
[Termination "SaraciNderim won on time"]

1. e4 e6 2. d4 d5 3. Nd2 Be7 4. Bd3 c5 5. exd5 Qxd5 6. Ngf3 Nf6 7. O-O Nc6 8. c4 Qd8 9. Nb3 cxd4 10. Re1 b6 11.
Bf4 Bb7 12. Rc1 Nb4 13. Bb1 d3 14. Ne5 O-O 15. Nxd3 Nxd3 16. Bxd3 Qd7 17. Bf1 Qa4 18. Nd4 Qxa2 19. Be5 Qa5 20. Nb3 Qb4 21. Bc3 Qd6 22. Qxd6 Bxd6 23. c5 bxc5 24. Bxf6 gxf6 25. Nxc5 Bxc5 26.
Rxc5 Rfc8 27. Ra5 Bd5 28. b4 Rab8 29. b5 Rb7 30. Rea1 Rcc7 31. h4 Kf8 32. g3 Kg7 33. R5a3 f5 34. Ra6 Kf6 35. R6a5 Ke7 36. Bg2 Bxg2 37. Kxg2 Kf6 38. Rb1 Ke7 39. Rb3 Rb6 40.
Rba3 Rcb7 41. Rxa7 Rxb5 42. Ra8 Kf6 43. Rh8 Kg7 44.
Raa8 Rb2 45. Rag8+ Kh6 46. Rf8 Rc7 47. Rc8 Rd7 48.
Rhd8 Ra7 49. Rd3 Raa2 50. Rf3 Kg7 51. Rc7 h6 52. g4 fxg4 53. Rcxf7+ Kg6 54. R3f6+ Kh5 55. Rh7 g3 56. Kxg3 Rb3+ 57. f3 1-0

[Event "*** Titled Tuesday Blitz"]
[Site "Chess.com"]
[Date "2018.11.06"]
[Round "10"]
[White "enriquetejedor"]
[Black "Mikhail_Golubev"]
[Result "1-0"]
[WhiteElo "2524"]
[BlackElo "2453"]
[TimeControl "180+2"]
[EndTime "15:21:26 PST"]
[Termination "enriquetejedor won on time"]

1. d4 Nf6 2. c4 d6 3. Nc3 g6 4. e4 Bg7 5. f4 O-O 6. Nf3 c5 7. d5 e6 8. dxe6 fxe6 9. Bd3 Nc6 10. O-O Nd4 11. h3 Bd7 12. Be3 Bc6 13. Nxd4 cxd4 14. Bxd4 Ng4 15. Bxg7 Qb6+ 16. Kh1 Ne3 17. Qe1 Nxf1 18. Bxf8 Rxf8 19. Qxf1 Qxb2 20. Qc1 Qf2 21. Qf1 Qd2 22. Rc1 Rxf4 23. Qd1 Qe3 24. Rc2 g5 25. Be2 Qg3 26. Bf3 h5 27. Ne2 Qh4 28.
Nxf4 Qxf4 29. Qd2 Qe5 30. Qc3 Qg3 31. Bxh5 Qh4 32. Qf3 Bxe4 33. Qf7+ Kh8 34. Rf2 Qxh3+ 35. Kg1 Qe3 36. Qf8+ Kh7 37. Qf7+ Kh6 38. Be2 g4 39. Qxe6+ Kh7 40. Qxg4 Bg6 41. Qh3+ Qxh3 42. gxh3 Kg7 43. Bf3 b6 44. Rd2 Bf7 45. Rxd6 Bxc4 46. Rd7+ Kf6 47. Rxa7 b5 48. a4 b4 49. a5 b3 50. Rb7 Ke5 51.
a6 Bxa6 52. Rxb3 Kf4 53. Kf2 Kg5 54. Rb4 Bd3 55. Kg3 Kf6 56. h4 Bh7 57. Kf4 Bc2 58. Rb6+ Ke7 59. h5 Kd7 60. Be4 Bd1 61. h6 Bf3 62. h7 Bh1 63. h8=Q 1-0

[Event "*** Titled Tuesday Blitz"]
[Site "Chess.com"]
[Date "2018.11.06"]
[Round "10"]
[White "731291"]
[Black "Korchmar_Vasiliy"]
[Result "1-0"]
[WhiteElo "2607"]
[BlackElo "2697"]
[TimeControl "180+2"]
[EndTime "15:21:34 PST"]
[Termination "731291 won on time"]

1. Nf3 d5 2. g3 g6 3. Bg2 Bg7 4. O-O e5 5. d3 Ne7 6. e4 O-O 7. Re1 d4 8. a4 c5 9. Na3 Nbc6 10. Nc4 Be6 11. Ng5 Bd7 12. f4 f6 13. Nf3 Be6 14. Nh4 Qd7 15. Rf1 Rae8 16. Bd2 Kh8 17. Qf3 exf4 18. gxf4 g5 19. Nf5 Bxf5 20. exf5 Nxf5 21.
Bh3 Nce7 22. fxg5 fxg5 23. Bxg5 Qc7 24. Bf4 Qd8 25. Rae1 Ne3 26. Nxe3 dxe3 27. Qxb7 Nd5 28. Bg3 Rxf1+ 29. Bxf1 Bd4 30. Be2 Qg5 31. c3 Bg7 32. Rf1 h6 33. Qd7 Rg8 34. Rf5 Nf6 35. Rxg5 Nxd7 36.
Rd5 Nb6 37. Rxc5 Nxa4 38. Rb5 a6 39. Rb4 Nc5 40. Rc4 Bf8 41. Kf1 Rg5 42. d4 Rf5+ 43.
Ke1 Ne4 44. Bd3 Nxg3 45. hxg3 Rf2 46. Rc8 Kg7 47. Rc7+ Kf6 48. Rc6+ Kg5 49. Re6 Rxb2 50. Rxe3 a5 51. Re5+ Kg4 52. Rxa5 Kxg3 53. Rf5 Bd6 54. c4 Bb4+ 55. Kf1 Rb3 56. Be4 Rb1+ 57. Bxb1 1-0

[Event "*** Titled Tuesday Blitz"]
[Site "Chess.com"]
[Date "2018.11.06"]
[Round "10"]
[White "IvanRadivojevic"]
[Black "olksuna"]
[Result "0-1"]
[WhiteElo "2413"]
[BlackElo "2537"]
[TimeControl "180+2"]
[EndTime "15:21:46 PST"]
[Termination "olksuna won by resignation"]

1. e4 c5 2. Nc3 Nc6 3. g3 Rb8 4. Bg2 b5 5. d3 b4 6. Nce2 g6 7. f4 Bg7 8. Nf3 e6 9. O-O Nge7 10. a3 bxa3 11. Rxa3 O-O 12. b3 Qc7 13. e5 d6 14.
exd6 Qxd6 15. Ng5 Nf5 16. Ne4 Qe7 17. h3 Bb7 18. Kh2 a6 19. Ra4 Ncd4 20. Ba3 Ne3 21. Bxc5 Qd7 22. Bxf8 Rxf8 23. Qe1 Nxg2 24. Kxg2 f5 25.
Nxd4 Bxd4 26. Rf3 fxe4 27. dxe4 Bg7 28. Rd3 Qf7 29. Kh2 e5 30. Rf3 Qd7 31. Rd3 Qe6 32.
Qd2 exf4 33. gxf4 Rxf4 34. Rd8+ Rf8 35. Rxf8+ Bxf8 36. Rd4 Qe5+ 37. Kg1 Bc5 38. c3 Bxd4+ 39. cxd4 Qxe4 40. Kf1 Qf3+ 41. Ke1 Qxb3 42. Qf4 Qe6+ 43. Kd2 Bd5 44. Qc7 Qc6 45. Qd8+ Kg7 46. h4 Be6 47. h5 Qd5 48. Qe7+ Kh6 49. Qf8+ Kxh5 50. Ke3 Bf5 51.
Qb8 Qe4+ 52. Kd2 Qxd4+ 53. Ke2 Bg4+ 54. Kf1 Qd1+ 55. Kf2 Qe2+ 56. Kg3 Qf3+ 57. Kh2 Kh4 58.
Qd8+ g5 59. Qd2 Qe2+ 60. Qxe2 Bxe2 0-1

[Event "*** Titled Tuesday Blitz"]
[Site "Chess.com"]
[Date "2018.11.06"]
[Round "10"]
[White "Supernotar"]
[Black "Bad4life"]
[Result "1-0"]
[WhiteElo "2400"]
[BlackElo "2280"]
[TimeControl "180+2"]
[EndTime "15:21:51 PST"]
[Termination "Supernotar won by resignation"]

1. d4 d6 2. c4 Nf6 3. Nc3 g6 4. e4 Bg7 5. Be2 O-O 6. Nf3 Nbd7 7. O-O e5 8. Bg5 Qe8 9. Nb5 Qd8 10. dxe5 dxe5 11.
Qc2 a6 12. Nc3 h6 13. Bh4 c6 14. Rfd1 Qc7 15. b4 Re8 16. c5 Nh5 17. Nd2 Nf4 18. Nc4 Nf8 19. Nd6 Be6 20. Nxe8 Rxe8 21. Bf1 Bg4 22. f3 Bc8 23. Bc4 Be6 24. Ne2 g5 25.
Bf2 N8g6 26. g3 Nh3+ 27. Kg2 Nxf2 28. Kxf2 Qc8 29. Bxe6 Qxe6 30. Kg2 h5 31. Rd6 Qe7 32. Rad1 Nf8 33. Qc4 Qc7 34. Qd3 a5 35. a3 axb4 36. axb4 Ra8 37. Qb3 Qe7 38. R1d2 Ra1 39. Ra2 Re1 40.
Qc3 Rb1 41. Ra1 Rxa1 42. Qxa1 Ne6 43. Qa8+ Bf8 44. Qc8 g4 45. fxg4 hxg4 46. Ng1 Qg5 47. Rxe6 fxe6 48. Qxe6+ Kg7 49. Qd7+ Kg6 50. Qxb7 Qd2+ 51.
Kh1 Qe1 52. Qxc6+ Kg5 53. Qd5 Kf6 54. Qd8+ Be7 55. Qh8+ Ke6 56. Qg8+ Kf6 57. Qxg4 Qxb4 58. Qf5+ Kg7 59. Qxe5+ Bf6 60. Qd5 Qe1 61. c6 Kg6 62. c7 Qc1 63. Qf5+ Kh6 64. c8=Q Kg7 65. Qxc1 1-0

[Event "*** Titled Tuesday Blitz"]
[Site "Chess.com"]
[Date "2018.11.06"]
[Round "10"]
[White "EphiphanyLord"]
[Black "chessdjw"]
[Result "1-0"]
[WhiteElo "2590"]
[BlackElo "2595"]
[TimeControl "180+2"]
[EndTime "15:21:53 PST"]
[Termination "EphiphanyLord won by resignation"]

1. d4 Nf6 2. Bg5 d5 3. Nd2 e6 4. e3 h6 5. Bh4 Nbd7 6. Ngf3 Be7 7.
Bd3 b6 8. c3 Bb7 9. O-O O-O 10.
a4 a5 11. Ne5 Nxe5 12. dxe5 Ne4 13. Bxe7 Qxe7 14. Nf3 c5 15. Qe2 Rad8 16. Rfd1 f5 17. Ba6 Bxa6 18. Qxa6 Qc7 19. c4 dxc4 20. Qxc4 Kf7 21.
h4 Rxd1+ 22. Rxd1 Rd8 23. Rf1 g5 24. g4 Ke7 25. Kg2 Rf8 26. gxf5 exf5 27. hxg5 hxg5 28.
Rh1 Qc6 29. Rh7+ Kd8 30. Qd3+ Kc8 31. Qa6+ Kd8 32. Qa7 Kc8 33. Qe7 Rd8 34. Qf7 Kb8 35. Qxf5 Nd2 36. e6 g4 37. Qxg4 Nxf3 38. e4 Nd2 39. e7 Re8 40. Qf4+ Ka8 41. Qxd2 Qxe4+ 42. Kf1 Qxh7 43. Qd8+ Rxd8 44. exd8=Q+ Kb7 45. Qd5+ Ka7 46. b3 Qg6 47. Ke2 Qg4+ 48. f3 Qg2+ 49. Ke3 Qg1+ 50. Ke4 Qe1+ 51. Kf5 Qf1 52. f4 Qf2 53. Qf7+ Ka6 54.
Qc4+ Kb7 55. Qd5+ Kc7 56. Kg5 Qg3+ 57. Kf5 Qh3+ 58. Kf6 Qh4+ 59. Qg5 Qh3 60. Qe5+ Kc6 61.
Qe6+ Qxe6+ 62. Kxe6 b5 63. axb5+ Kxb5 64. f5 c4 65. bxc4+ Kxc4 66. f6 a4 67. f7 a3 68.
f8=Q a2 69. Qh8 Kb3 70. Qa1 1-0

[Event "*** Titled Tuesday Blitz"]
[Site "Chess.com"]
[Date "2018.11.06"]
[Round "10"]
[White "Lovkov_Roman"]
[Black "AlexTriapishko"]
[Result "0-1"]
[WhiteElo "2625"]
[BlackElo "2766"]
[TimeControl "180+2"]
[EndTime "15:21:56 PST"]
[Termination "AlexTriapishko won by resignation"]

1. e4 c5 2. Nf3 d6 3. d4 cxd4 4. Nxd4 Nf6 5. Nc3 Nc6 6. f4 Qb6 7. Nb3 g6 8. Qf3 Bg7 9. Be3 Qc7 10. h3 O-O 11. g4 Be6 12. g5 Nd7 13. f5 Bxb3 14.
axb3 Bxc3+ 15. bxc3 Nce5 16. Qd1 Qxc3+ 17. Kf2 Rac8 18. Ra2 f6 19. Be2 gxf5 20. Qd5+ Kh8 21. Bd4 Qc6 22. Bb5 Qxd5 23. exd5 Nc5 24. gxf6 Rxf6 25.
Rg1 Ne4+ 26. Ke2 Nc3+ 27. Bxc3 Rxc3 28. Rxa7 Rxc2+ 29. Kd1 Rc8 30. Rxb7 Ng6 31. Bd7 Rcf8 32. Be6 f4 33. Ke2 f3+ 34. Kf2 Rf4 35. Rg4 Ne5 36.
Rxf4 Rxf4 37. Rxe7 Nd3+ 38. Kf1 h5 39. Bf7 Ne5 40.
Bxh5 Rb4 41. Rxe5 dxe5 42. Bxf3 Rxb3 43. Bg4 Rd3 44. Be6 Kg7 45. Ke2 Rd4 46. Ke3 Kf6 47. Bg8 Rh4 48. Be6 Ke7 49. Kf3 Rf4+ 50. Ke3 Kf6 51. Bg8 Ra4 52. Be6 Ra3+ 53. Ke4 Ra4+ 54. Ke3 Rf4 55. Bg8 Ke7 56. Be6 Kd6 57. Bg8 Rh4 58. Be6 Kc5 59. Kf3 Rf4+ 60. Kg3 Kd6 61. h4 Rf1 62. h5 e4 63. h6 e3 64. Bg4 Rg1+ 65. Kf3 e2 66. Kxe2 Rxg4 0-1

[Event "*** Titled Tuesday Blitz"]
[Site "Chess.com"]
[Date "2018.11.06"]
[Round "10"]
[White "Andrew-FB00"]
[Black "nitpicker"]
[Result "1/2-1/2"]
[WhiteElo "1782"]
[BlackElo "2159"]
[TimeControl "180+2"]
[EndTime "15:22:03 PST"]
[Termination "Game drawn by repetition"]

1. e4 c5 2. Nf3 d6 3. Bb5+ Nd7 4. d4 cxd4 5. Qxd4 Nf6 6. Bg5 e5 7.
Qd3 a6 8. Bxd7+ Bxd7 9. Nc3 Be7 10. Bxf6 gxf6 11. Nd5 Rc8 12. c4 b5 13. b3 Qa5+ 14. Qd2 Qxd2+ 15. Nxd2 f5 16. Nb6 Rc7 17. Nxd7 Rxd7 18. exf5 d5 19. cxd5 Rxd5 20. Ne4 O-O 21. Ke2 Kg7 22. Rac1 a5 23. Rhd1 Rfd8 24. Rxd5 Rxd5 25.
Rc6 f6 26. Nc3 Rd4 27. Nxb5 Rf4 28. Ra6 Bb4 29. a3 Bc5 30. f3 Rxf5 31. Rxa5 e4 32. Nc3 exf3+ 33. gxf3 Rh5 34. b4 Rxh2+ 35. Kd3 Bd6 36.
Ke4 Rc2 37. Nd5 h5 38. Ra7+ Kg6 39. Nf4+ Bxf4 40. Kxf4 Rc4+ 41. Kg3 h4+ 42. Kg2 Kf5 43. Ra5+ Kf4 44. Rh5 Rc2+ 45. Kh3 Rc3 46. Rxh4+ Kxf3 47. a4 f5 48. a5 f4 49. Kh2 Rc2+ 50. Kg1 Rc1+ 51. Kh2 Rc2+ 52. Kg1 Rc1+ 53. Kh2 Ra1 54. Rh3+ Ke2 55. Rb3 Ra2 56. b5 Rxa5 57. b6 Ra8 58. b7 Rb8 59. Kg2 f3+ 60. Kg3 Rg8+ 61. Kh2 f2 62. Rb2+ Kf3 63. Rb3+ Ke2 64. Rb2+ Kf1 65.
Rb1+ Ke2 66. Rb2+ 1/2-1/2

[Event "*** Titled Tuesday Blitz"]
[Site "Chess.com"]
[Date "2018.11.06"]
[Round "10"]
[White "matiss90"]
[Black "PowerThinking2650"]
[Result "1-0"]
[WhiteElo "2414"]
[BlackElo "2299"]
[TimeControl "180+2"]
[EndTime "15:22:18 PST"]
[Termination "matiss90 won by resignation"]

1. e4 e5 2. Nf3 Nc6 3. Bb5 a6 4. Ba4 Nf6 5. d3 b5 6. Bb3 Be7 7. O-O O-O 8. Re1 d6 9. c3 Na5 10. Bc2 c5 11. Nbd2 Re8 12. Nf1 Bf8 13. a4 b4 14. h3 Rb8 15. Ne3 bxc3 16. bxc3 Be6 17.
d4 exd4 18. cxd4 Nb3 19. Rb1 Nxc1 20. Rxc1 cxd4 21. Nxd4 Bd7 22. Qf3 Qa5 23. Ndf5 Rb4 24. Nh6+ gxh6 25. Qxf6 Qe5 26. Qf3 h5 27. Nd5 Rb7 28.
Nf6+ Kh8 29. Nxe8 Bxe8 30. Bb3 Kg7 31. Bd5 Rb2 32. Rc7 Be7 33. Rb7 Rxb7 34. Bxb7 Bxa4 35. Bxa6 Bc6 36. Bc4 d5 37. Bb3 Bf6 38. Bc2 Qc3 39. Qxc3 Bxc3 40. Rc1 d4 41. Bd3 h4 42. f4 Bd7 43.
Kf2 Bd2 44. Rc7 Be3+ 45. Kf3 Be6 46. Bc4 Kf6 47. e5+ Kg6 48. Bxe6 fxe6 49. Rd7 Bg1 50. Re7 Kf5 51. Rf7+ Kg6 52. Rf6+ Kh5 53. Rxe6 h6 54. Rd6 Be3 55. Ke4 Bf2 56. Rxd4 Bg3 57. Rd8 Bf2 58. e6 Bc5 59. Rg8 Bd6 60. f5 Be5 61.
Rg4 Bf6 62. Kd5 Be7 63. Kc6 Bf6 64. Kd7 Bg5 65. Rxg5+ Kxg5 66. e7 Kf4 67. e8=Q Kg3 68. Qg6+ Kh2 69. Qxh6 Kxg2 70. Qxh4 Kh1 1-0

[Event "*** Titled Tuesday Blitz"]
[Site "Chess.com"]
[Date "2018.11.06"]
[Round "10"]
[White "Manukyan_Artak"]
[Black "PaulfromSPb"]
[Result "1/2-1/2"]
[WhiteElo "2441"]
[BlackElo "2536"]
[TimeControl "180+2"]
[EndTime "15:22:31 PST"]
[Termination "Game drawn by agreement"]

1. e4 c5 2. Nf3 d6 3. Bb5+ Nd7 4. O-O Nf6 5. Re1 g6 6. c3 Bg7 7. d4 cxd4 8. cxd4 a6 9. Bd3 e5 10. dxe5 Nxe5 11. Bf4 Bg4 12. Be2 Bxf3 13. Bxf3 O-O 14. Nc3 Qb6 15. Bxe5 dxe5 16. Qb3 Qa7 17. Rad1 Rfd8 18.
h4 Bf8 19. Rxd8 Rxd8 20. Rd1 Rxd1+ 21. Qxd1 Bc5 22. Qd2 Bd4 23. g3 h5 24. Nd5 Kg7 25.
Nxf6 Kxf6 26. Kg2 Kg7 27. b3 Qc5 28. a4 Qa3 29. Qc2 Qa1 30. Be2 Qe1 31. Bc4 Qb4 32. Qe2 Qd6 33. Qf3 f6 34. Bd5 Qb4 35. Bc4 b5 36.
axb5 axb5 37. Bf1 Qc5 38. Qe2 b4 39. Qf3 Qc2 40. Bc4 Qd2 41. Qe2 Qc1 42. Bd5 Kh6 43. Qf3 Kg7 44. Qe2 Qa1 45. Qd2 Qc3 46. Qe2 Bb6 47. Bc4 Qd4 48. Qf3 Qc5 49. Qe2 f5 50.
exf5 gxf5 51. Qd2 Qe7 52. Qd5 Bc5 53. Qg8+ Kh6 54. Qh8+ Kg6 55. Qg8+ Qg7 56. Bf7+ Kf6 57. Qxg7+ Kxg7 58. Bxh5 Kf6 59. Be2 Bd4 60. f3 Be3 61.
Bd3 Bd2 62. Kf2 Bc1 63. g4 e4 64. fxe4 fxg4 65. Kg3 Bd2 66. Kxg4 Bc1 67. Bc4 Bd2 68. Bd5 Bc1 69. Kf3 Ke5 70. Kg4 Bd2 71. Kh5 Kf6 72. Kg4 Ke5 73. h5 Bc1 74. Bc6 Bd2 75. Kf3 Bc1 76. Ke2 Kd4 77. Kf3 Bh6 78. Kg4 Ke5 79. Kg3 Bc1 80. Kf3 Bh6 81. Ke2 Kd4 82. Kf3 Bc1 83. Kg3 Bh6 84. Kg4 Ke5 85. Bd5 Bc1 86. Kf3 Bh6 87. Ke2 Kd4 88. Kf2 Bc1 89. Kg3 Ke5 90. Kg4 Bd2 91. Kf3 Bh6 92. Ke2 Kd4 93. Kd1 Bg5 94. Kc2 Bh6 95. Kd1 Bg5 96. Ke2 Bh6 97. Kf3 Ke5 98. Bc4 Kd4 99. Bf1 Ke5 100.
Bh3 Kd4 101. Be6 Ke5 102. Bf7 Kd4 103. Ke2 Kxe4 1/2-1/2

[Event "*** Titled Tuesday Blitz"]
[Site "Chess.com"]
[Date "2018.11.06"]
[Round "10"]
[White "ChainsOfFantasia"]
[Black "Bauxi435"]
[Result "1-0"]
[WhiteElo "2359"]
[BlackElo "2423"]
[TimeControl "180+2"]
[EndTime "15:22:54 PST"]
[Termination "ChainsOfFantasia won on time"]

1. Nc3 d5 2. e3 c5 3. d4 Nc6 4.
Nf3 Bg4 5. Be2 e6 6. h3 Bxf3 7. Bxf3 cxd4 8. exd4 Nf6 9. O-O Be7 10. Ne2 O-O 11. Ng3 b5 12. Re1 Bd6 13. Qd3 Bxg3 14. fxg3 Qb6 15. Be3 a5 16. g4 Rfc8 17. g5 Nd7 18. a3 b4 19. a4 Nf8 20. h4 Ne7 21.
Re2 Nf5 22. Bf2 Nd6 23. h5 Nc4 24. Rb1 Rab8 25. Bg3 Rb7 26. Bg4 b3 27. c3 Qc6 28.
g6 hxg6 29. hxg6 Nxg6 30. Bxe6 fxe6 31. Qxg6 e5 32. Qxc6 Rxc6 33. Bxe5 Nb6 34. Bf4 Nxa4 35. Ra1 Rc4 36. Bc1 Ra7 37. Re5 Nb6 38. Bg5 a4 39. Bd8 Nd7 40. Rxd5 a3 41. Rxa3 Rxa3 42. bxa3 Rxc3 43.
Rb5 Kf7 44. a4 Rd3 45. d5 Ke8 46. Bg5 Ne5 47. a5 Ng4 48. Kf1 Kd7 49. a6 Rd1+ 50.
Ke2 Ra1 51. Rxb3 Rxa6 52. Rb7+ Kd6 53. Rxg7 Kxd5 54. Bf4 Nf6 55. g4 Ke4 56. Bd2 Re6 57. g5 Nd5 58. Rf7 Re7 59. Rf8 Rg7 60. Kf2 Ne7 61.
Kg3 Ke5 62. Kg4 Ke6 63. Bc3 Rh7 64. Rf6+ Kd7 65. Bb4 Rg7 66. Ra6 Ke8 67. Ra8+ Kf7 68. Ra7 Ke6 69. Rb7 Rf7 70. g6 Nxg6 71. Rb6+ Kd5 72.
Rxg6 Rc7 73. Bd2 Ke4 74. Bf4 Rf7 75. Re6+ Kd5 76. Re8 Kd4 77. Rd8+ Kc5 78. Kf3 Re7 79. Bd6+ 1-0

[Event "*** Titled Tuesday Blitz"]
[Site "Chess.com"]
[Date "2018.11.06"]
[Round "10"]
[White "GCamachoMartinez"]
[Black "mikhaillushenkov"]
[Result "1/2-1/2"]
[WhiteElo "2340"]
[BlackElo "2636"]
[TimeControl "180+2"]
[EndTime "15:25:16 PST"]
[Termination "Game drawn by repetition"]

1. d4 Nf6 2. c4 e6 3. Nc3 Bb4 4. Qc2 c5 5. dxc5 Qc7 6. Nf3 Bxc5 7. Bg5 Be7 8. e3 a6 9. Bd3 d6 10. O-O Nbd7 11. Rac1 b6 12. Ne4 h6 13. Nxf6+ Nxf6 14.
Bh4 Bb7 15. Bxf6 Bxf6 16. Be4 O-O 17. Bxb7 Qxb7 18. b3 Rfd8 19. e4 b5 20. Qe2 bxc4 21.
Rxc4 d5 22. exd5 Qxd5 23. h3 g6 24. Rfc1 Rd7 25. Rc5 Qb7 26. h4 h5 27. Ng5 Rad8 28. Qe4 Rd1+ 29. Rxd1 Rxd1+ 30. Kh2 Qb8+ 31. g3 Rd2 32. Rc2 Qd6 33. Nf3 Rd5 34. Kg2 Kg7 35.
b4 a5 36. bxa5 Rxa5 37. a4 Qd5 38. Rc4 Qxe4 39. Rxe4 Ba1 40. Nd2 Bc3 41. Nb3 Ra6 42.
Rc4 Bf6 43. a5 Bd8 44. Rc5 Be7 45. Rb5 Bd8 46. Kf3 Rc6 47. Rb8 Rc3+ 48. Kg2 Bc7 49. Rb7 Bd6 50. a6 Rc6 51. a7 Ra6 52. Nd4 Kf6 53. Nb5 Bc5 54. Rb8 Bxa7 55. Ra8 Ra5 56. Nxa7 e5 57. Kf3 Kf5 58. Ke3 Ra3+ 59. Ke2 Ke4 60. f3+ Rxf3 61. Nb5 Rxg3 62. Nd6+ Kd5 63. Nxf7 Rg4 64. Ra5+ Ke6 65. Ng5+ Kf5 66. Nf3 Rb4 67.
Rxe5+ Kf4 68. Rg5 Rb2+ 69. Nd2 Rb6 70. Kf2 Ra6 71. Ke2 Re6+ 72. Kf2 Rd6 73. Nf1 Ra6 74. Ng3 Rb6 75. Ne2+ Ke4 76. Kg3 Rb3+ 77. Kf2 Rh3 78. Ng3+ Kf4 79. Ne2+ Ke4 80. Rxg6 Rxh4 81. Ng3+ Kf4 82.
Rg8 Rh2+ 83. Kg1 Rh3 84. Kg2 Rh4 85. Rg7 Rg4 86. Rf7+ Kg5 87. Kf3 Ra4 88. Rf5+ Kg6 89. Rd5 Ra3+ 90. Kg2 h4 91. Ne4 h3+ 92. Kh2 Rb3 93. Rd2 Re3 94. Nf2 Kf5 95. Nxh3 Ra3 96. Nf2 Kf4 97. Kg2 Ke3 98. Rd8 Ra2 99. Re8+ Kf4 100. Re4+ Kf5 101. Re3 Kf4 102. Rf3+ Ke5 103. Kg3 Ra4 104. Nd3+ Kd5 105. Rf5+ Ke6 106. Rf3 Kd5 107. Re3 Kd4 108. Rf3 Ra3 109. Rf4+ Ke3 110. Rf3+ Kd4 111. Rf4+ Ke3 112. Rf3+ Kd4 1/2-1/2